 Dungeon Crawl Stone Soup version 0.23.2-1-ga50397a6bc (webtiles) character file.

Game seed: 13453068578078332960

1339 Mrkan the Ruffian (level 8, -2/59 HPs)
             Began as a Yellow Draconian Transmuter on May 27, 2019.
             Was a Believer of the Shining One.
             Slain by an orc warrior
             ... wielding a +1 trident of protection
              (16 damage)
             ... on level 6 of the Dungeon.
             The game lasted 00:16:35 (6338 turns).

Mrkan the Ruffian (Yellow Draconian Transmuter)     Turns: 6338, Time: 00:16:35

Health: -2/59      AC:  6    Str: 14    XL:     8   Next: 35%
Magic:  14/15      EV: 12    Int: 15    God:    the Shining One [**....]
Gold:   238        SH:  3    Dex: 11    Spells: 13/16 levels left

rFire    . . .     SeeInvis .     - Unarmed
rCold    . . .     Gourm    .   (no shield)
rNeg     + . .     Faith    .   (armour unavailable)
rPois    .         Spirit   .   (helmet restricted)
rElec    .         Reflect  +   (no cloak)
rCorr    +         Harm     .   (no gloves)
MR       .....                  (no boots)
Stlth    +.........             i - +3 amulet of reflection
HPRegen  0.19/turn              (no ring)
MPRegen  0.14/turn              (no ring)

@: appendage, glowing
A: spit acid, unfitting armour, horns 2, cold-blooded, acid resistance, AC +6
a: Breathe Acid, End Transformation, Divine Shield, Renounce Religion


You were on level 6 of the Dungeon.
You worshipped the Shining One.
The Shining One was pleased with you.
You were very hungry.
You had grown temporary horns.
You visited 1 branch of the dungeon, and saw 6 of its levels.
You also visited: Sewer.

You collected 238 gold pieces.

Inventory:

Hand Weapons
 s - the +6 dagger "Concordance" {pain, +Inv Str+3 Int-2 Dex+5, unknown}
   (You found it in a sewer)

   In the hands of one skilled in necromantic magic, it inflicts extra damage on
   living creatures.
   It affects your strength (+3).
   It affects your intelligence (-2).
   It affects your dexterity (+5).
   It lets you turn invisible.
   The Shining One disapproves of the use of such an item.
Missiles
 a - 5 arrows
Jewellery
 i - a +3 amulet of reflection (around neck)
 u - a +3 ring of strength {unknown}
Scrolls
 d - 3 scrolls of magic mapping {unknown}
 e - 3 scrolls of blinking {unknown}
 f - 4 scrolls of random uselessness {unknown}
 g - 6 scrolls of identify {unknown}
 h - 3 scrolls of remove curse {unknown}
 m - 2 scrolls of fog {unknown}
 n - 4 scrolls of teleportation {unknown}
 p - 3 scrolls of enchant weapon {unknown}
 v - a scroll of immolation {unknown}
 x - a scroll of holy word {unknown}
Potions
 b - 3 potions of curing
 j - 4 potions of might {unknown}
 k - 3 potions of degeneration {unknown}
 l - 2 potions of agility {unknown}
 o - a potion of mutation {unknown}
 q - 2 potions of flight {unknown}
 r - 2 potions of haste {unknown}
 t - a potion of cancellation {unknown}
Comestibles
 c - 9 rations


   Skills:
 - Level 1.1 Fighting
 - Level 1.7 Dodging
 + Level 6.5 Unarmed Combat
 + Level 4.9 Spellcasting
 + Level 6.0 Transmutations
 + Level 3.6 Invocations


You had 13 spell levels left.
You knew the following spells:

 Your Spells              Type           Power        Failure   Level  Hunger
a - Beastly Appendage     Tmut           ###...       1%          1    None
b - Sticks to Snakes      Tmut           ###.....     1%          2    ##.....

Your spell library contained the following spells:

 Spells                   Type           Power        Failure   Level  Hunger
 Spider Form              Tmut/Pois      ##........   14%         3    ###....
 Blade Hands              Tmut           ###.......   36%         5    ######.
 Ice Form                 Ice/Tmut       ##......     43%         4    ####...


Dungeon Overview and Level Annotations

Branches:
Dungeon (6/15)
 Temple: D:4-7

Altars:
Makhleb
Nemelex Xobeh
Vehumet
The Shining One

Annotations:
D:3 Sigmund
D:5 2 runed translucent doors, u8823's ghost, amateur FeTm


Innate Abilities, Weirdness & Mutations

You can spit globs of acid.
Your golden yellow scales are hard. (AC +6)
You cannot fit into any form of body armour.
You are cold-blooded and may be slowed by cold attacks.
You are resistant to acid. (rCorr)
You have a pair of horns on your head.


Message History

Confirm with . or Enter, or press ? or * to list all spells.
You grow a pair of large bovine horns.
The orc warrior hits you from afar with a +1 trident of protection!
The orc warrior misses you.
You barely miss the orc warrior.
The orc warrior hits you with a +1 trident of protection!
The orc wizard mumbles some strange words.
The orc wizard seems to speed up.
You hit the orc warrior but do no damage.
You barely miss the orc warrior.
You headbutt the orc warrior, but do no damage.
The orc warrior hits you with a +1 trident of protection!
* * * LOW HITPOINT WARNING * * *
You barely miss the orc warrior.
The orc warrior hits you with a +1 trident of protection!
* * * LOW HITPOINT WARNING * * *
Okay, then.
You feel better.
The orc warrior hits you with a +1 trident of protection!
You die...

#####.## ##.# #......#
#... #.####.# #..#
#########.####.# #..#
#.#.#.#.#.#.#<#.#####..#
........................
#.#.#.#.#.#.#.#.#.###...
.......)..........# #.##
#.#.#.#@#.#.#.#.#.# #.#.
#######o########..# #...
....o.oo# ..# #...
####.##.# ..# ##.. # #.#
... ##. ... ## ._.## #
....# #...##


You could see an orc warrior, an orc wizard and an orc.

Vanquished Creatures
  Grinder (Sewer)
  A sky beast (D:3)
  A necrophage (Sewer)
  An ogre (D:4)
  2 wights (Sewer)
  A crimson imp (D:4)
  A hound (D:6)
  A jelly (D:6)
  An orc priest (D:6)
  A centaur skeleton (D:5)
  A centaur zombie (D:6)
  Terence (D:2)
  5 orc wizards
  2 worker ants
  2 big kobold zombies (Sewer)
  A hound skeleton (D:6)
  A howler monkey zombie (D:5)
  A howler monkey skeleton (D:6)
  5 adders
  4 shadow imps
  2 ufetubi (Sewer)
  5 oozes
  4 worms (D:2)
  An adder skeleton (D:4)
  2 dart slugs (D:1)
  8 leopard geckos
  11 orcs
  9 bats
  A bat zombie (Sewer)
  5 giant cockroaches
  6 goblins
  6 hobgoblins
  7 jackals (D:1)
  4 quokkas
  A ball python (D:2)
  5 frilled lizards
  A goblin skeleton (D:4)
  2 goblin zombies (D:4)
  3 hobgoblin zombies (D:4)
  17 kobolds
  2 kobold skeletons (D:4)
  4 kobold zombies
  A leopard gecko zombie (D:5)
  An orc zombie (D:4)
  9 rats
151 creatures vanquished.

Vanquished Creatures (collateral kills)
  An orc warrior (D:6)
  An ogre (D:4)
  A hound skeleton (D:4)
  An adder (D:4)
  An orc (D:4)
  A giant cockroach (D:4)
  A kobold zombie (D:4)
7 creatures vanquished.

Grand Total: 158 creatures vanquished

Notes
Turn   | Place    | Note
-------+----------+-------------------------------------------
     0 | D:1      | Mrkan the Draconian Transmuter began the quest for the Orb.
     0 | D:1      | Reached XP level 1. HP: 16/16 MP: 3/3
    90 | D:1      | Reached XP level 2. HP: 12/23 MP: 3/5
   901 | D:1      | Reached XP level 3. HP: 28/28 MP: 4/6
  1185 | D:2      | Noticed Terence
  1196 | D:2      | Killed Terence
  1256 | D:2      | Reached XP level 4. HP: 10/35 MP: 5/7
  2436 | D:3      | Noticed Sigmund
  2528 | D:3      | Reached XP level 5. HP: 35/40 MP: 8/8
  2708 | D:3      | Noticed a sky beast
  2730 | D:3      | Killed a sky beast
  3008 | D:4      | Noticed an ogre
  3026 | D:4      | Killed an ogre
  3026 | D:4      | Reached skill level 5 in Unarmed Combat
  3026 | D:4      | Reached XP level 6. HP: 3/47 MP: 10/10
  3353 | D:4      | Learned a level 2 spell: Sticks to Snakes
  3635 | D:4      | Found a glowing golden altar of the Shining One.
  3662 | D:4      | Became a worshipper of the Shining One
  4128 | D:5      | Entered Level 5 of the Dungeon
  4157 | D:5      | Your scales start taking on a golden yellow colour.
  4157 | D:5      | Reached XP level 7. HP: 41/52 MP: 12/12
  4157 | D:5      | Gained mutation: You are resistant to acid. (rCorr) [Yellow
                  | Draconian growth]
  4167 | D:5      | Found a glowing drain.
  4187 | Sewer    | Entered a sewer
  4217 | Sewer    | Reached * piety under the Shining One
  4310 | Sewer    | Reached skill level 5 in Transmutations
  4327 | Sewer    | Reached skill level 1 in Invocations
  4369 | Sewer    | Found an ancient bone altar of Kikubaaqudgha.
  4600 | Sewer    | Noticed Grinder
  4631 | Sewer    | Killed Grinder
  4646 | Sewer    | Got a scorched dagger
  4663 | Sewer    | Reached ** piety under the Shining One
  4951 | D:5      | Found a sparkling altar of Nemelex Xobeh.
  4972 | D:5      | Reached XP level 8. HP: 52/59 MP: 14/14
  5273 | D:5      | Found a large runed translucent door.
  5274 | D:5      | Found a large runed translucent door.
  5276 | D:5      | Noticed u8823's ghost (amateur FeTm)
  5387 | D:5      | Found a radiant altar of Vehumet.
  6311 | D:6      | Found a burning altar of Makhleb.
  6338 | D:6      | Slain by an orc warrior

Skill      XL: |  1  2  3  4  5  6  7  8 |
---------------+-------------------------+-----
Unarmed Combat | 4 5 6 |  6.5
Transmutations | 3 4 5 6 |  6.0
Spellcasting   | 3 4 |  4.9
Invocations    | 2 3 |  3.6
Fighting       | |  1.1
Dodging        | |  1.7

Action                   |  1- 3 |  4- 6 |  7- 9 || total
-------------------------+-------+-------+-------++-------
Melee: Unarmed           |   115 |   302 |   244 ||   661
       Tailslap          |     8 |    39 |    26 ||    73
       Kick              |    11 |     6 |     2 ||    19
       Punch             |     2 |     5 |     3 ||    10
       Headbutt          |     1 |     7 |     4 ||    12
 Cast: Beastly Appendage |    13 |     9 |     5 ||    27
       Sticks to Snakes  |       |     9 |    16 ||    25
 Abil: Breathe Acid      |       |       |     2 ||     2
  Use: Potion            |       |     1 |     1 ||     2
 Stab: Sleeping          |     2 |       |       ||     2
  Eat: Chunk             |     1 |     7 |     4 ||    12
       Ration            |       |     1 |     1 ||     2
Armor: Skin              |    25 |    98 |    61 ||   184
Dodge: Dodged            |    63 |   196 |   164 ||   423
Block: Other             |     3 |    29 |    31 ||    63
       Reflection        |       |       |     3 ||     3
